| TOP OF THE 1ST |
|
Geneva Red Legs batting - Pitching for Utica Blue Jays : RHP Steve McDevitt
|
|
Pitching: RHP Steve McDevitt
|
|
|
Batting: RHB Bob Brower
|
0-0: Ball 1-0: Ball 2-0: Ball 3-0: Called Strike 3-1: Base on Balls
|
|
Batting: LHB Orsino Hill
|
0-0: Ball Bob Brower is caught stealing 2nd base 2-6 1-0: Ball 2-0: Called Strike 2-1: Ball 3-1: Base on Balls
|
|
Batting: LHB Mike Kingery
|
0-0: Called Strike 0-1: Foul Ball, location: 2F 0-2: Foul Ball, location: 2F 0-2: Ball 1-2: Ball 2-2: Ball 3-2: Base on Balls Orsino Hill to second
|
|
Batting: RHB Dave Keller
|
0-0: Ball 1-0: Called Strike 1-1: Ball 2-1: Ball 3-1: Fly out, F9 (Flyball, 9, EV 88.8 MPH)
|
|
Batting: RHB Victor Mendoza
|
0-0: Ball 1-0: Ball 2-0: Ball 3-0: Called Strike 3-1: Base on Balls Orsino Hill to third Mike Kingery to second
|
|
Batting: RHB Robby Thompson
|
0-0: Fielders Choice at 2nd, 6-4 (Groundball, 6, EV 85.0 MPH)
|
| Top of the 1st over - 0 runs, 0 hits, 0 errors, 3 left on base; Geneva 0 - Utica 0 |
| BOTTOM OF THE 1ST |
|
Utica Blue Jays batting - Pitching for Geneva Red Legs : LHP Joaquin Torres
|
|
Pitching: LHP Joaquin Torres
|
|
|
Batting: RHB Ed Allen
|
0-0: Ball 1-0: Ball 2-0: Swinging Strike 2-1: Ball 3-1: Foul Ball, location: 2F 3-2: Strikes out swinging
|
|
Batting: SHB Manuel Lee
|
0-0: Ball 1-0: Ball 2-0: Foul Ball, location: 2F 2-1: Foul Ball, location: 2F 2-2: Foul Ball, location: 2F 2-2: Ball 3-2: Strikes out swinging
|
|
Batting: LHB Tom Reynolds
|
0-0: Foul Ball, location: 2F 0-1: Called Strike 0-2: Foul Ball, location: 2F 0-2: Ball 1-2: Foul Ball, location: 2F 1-2: Ball 2-2: Ball 3-2: Foul Ball, location: 2F 3-2: Foul Ball, location: 2F 3-2: Base on Balls
|
|
Batting: RHB Jose Gonzalez
|
0-0: Ball 1-0: Called Strike 1-1: Ball 2-1: Ball 3-1: Base on Balls Tom Reynolds to second
|
|
Batting: RHB Ricky Jordan
|
0-0: Ball 1-0: Foul Ball, location: 2F 1-1: Foul Ball, location: 2F 1-2: Fly out, F9 (Line Drive, 9D, EV 91.9 MPH)
|
| Bottom of the 1st over - 0 runs, 0 hits, 0 errors, 2 left on base; Geneva 0 - Utica 0 |
| TOP OF THE 2ND |
|
Geneva Red Legs batting - Pitching for Utica Blue Jays : RHP Steve McDevitt
|
|
Batting: RHB Ricky Velasquez
|
0-0: Fly out, F4 (Popup, 34D, EV 64.4 MPH)
|
|
Batting: LHB Juan Araujo
|
0-0: Swinging Strike 0-1: Ball 1-1: Swinging Strike 1-2: Fly out, F8 (Flyball, 8RD, EV 86.3 MPH)
|
|
Batting: RHB Danny Reyes
|
0-0: Ball 1-0: Swinging Strike 1-1: Foul Ball, location: 2F 1-2: Ball 2-2: Foul Ball, location: 2F 2-2: Strikes out swinging
|
| Top of the 2nd over - 0 runs, 0 hits, 0 errors, 0 left on base; Geneva 0 - Utica 0 |
| BOTTOM OF THE 2ND |
|
Utica Blue Jays batting - Pitching for Geneva Red Legs : LHP Joaquin Torres
|
|
Batting: SHB Steve Roadcap
|
0-0: Ball 1-0: Foul Ball, location: 2F 1-1: Ball 2-1: Ground out 4-3 (Groundball, 4M, EV 81.3 MPH)
|
|
Batting: LHB James Lumpe
|
0-0: Called Strike 0-1: Called Strike 0-2: Ball 1-2: Ball 2-2: Foul Ball, location: 2F 2-2: Ground out 4-3 (Groundball, 4, EV 104.4 MPH)
|
|
Batting: RHB Rafael Quezada
|
0-0: Ball 1-0: Ground out 1-3 (Groundball, 34S, EV 69.4 MPH)
|
| Bottom of the 2nd over - 0 runs, 0 hits, 0 errors, 0 left on base; Geneva 0 - Utica 0 |
| TOP OF THE 3RD |
|
Geneva Red Legs batting - Pitching for Utica Blue Jays : RHP Steve McDevitt
|
|
Batting: RHB Bob Brower
|
0-0: Called Strike 0-1: Foul Ball, location: 2F 0-2: Fly out, F7 (Flyball, 78D, EV 95.0 MPH)
|
|
Batting: LHB Orsino Hill
|
0-0: Ball 1-0: Ball 2-0: Called Strike 2-1: Foul Ball, location: 2F 2-2: Strikes out swinging
|
|
Batting: LHB Mike Kingery
|
0-0: Ball 1-0: Swinging Strike 1-1: Called Strike 1-2: Ball 2-2: Strikes out swinging
|
| Top of the 3rd over - 0 runs, 0 hits, 0 errors, 0 left on base; Geneva 0 - Utica 0 |
| BOTTOM OF THE 3RD |
|
Utica Blue Jays batting - Pitching for Geneva Red Legs : LHP Joaquin Torres
|
|
Batting: RHB Gustavo Hernandez
|
0-0: Ball 1-0: Ball 2-0: Ball 3-0: Called Strike 3-1: Foul Ball, location: 2F 3-2: Foul Ball, location: 2F 3-2: Ground out U3 (Groundball, 34, EV 86.3 MPH)
|
|
Batting: RHB Ed Allen
|
0-0: Called Strike 0-1: Ball 1-1: Called Strike 1-2: Ball 2-2: Ball 3-2: Foul Ball, location: 2F 3-2: Foul Ball, location: 2F 3-2: Base on Balls
|
|
Batting: SHB Manuel Lee
|
0-0: Called Strike 0-1: Ball 1-1: Called Strike 1-2: SINGLE (Line Drive, 8LS, EV 99.4 MPH) Ed Allen to second
|
|
Batting: LHB Tom Reynolds
|
0-0: Called Strike 0-1: Called Strike 0-2: Ball 1-2: Fly out, F7 (Line Drive, 7, EV 93.1 MPH)
|
|
Batting: RHB Jose Gonzalez
|
0-0: Ball 1-0: Called Strike 1-1: Fly out, F9 (Line Drive, 9, EV 94.4 MPH)
|
| Bottom of the 3rd over - 0 runs, 1 hit, 0 errors, 2 left on base; Geneva 0 - Utica 0 |
| TOP OF THE 4TH |
|
Geneva Red Legs batting - Pitching for Utica Blue Jays : RHP Steve McDevitt
|
|
Batting: RHB Dave Keller
|
0-0: Ball 1-0: Ball 2-0: Called Strike 2-1: Foul Ball, location: 2F 2-2: Ball 3-2: Strikes out swinging
|
|
Batting: RHB Victor Mendoza
|
0-0: Ball 1-0: Foul Ball, location: 2F 1-1: Foul Ball, location: 2F 1-2: Ball 2-2: Foul Ball, location: 2F 2-2: Fly out, F7 (Flyball, 78M, EV 86.9 MPH)
|
|
Batting: RHB Robby Thompson
|
0-0: Ball 1-0: Ball 2-0: Ball 3-0: Called Strike 3-1: SINGLE (Line Drive, 9S, EV 89.4 MPH)
|
|
Batting: RHB Ricky Velasquez
|
0-0: Ball 1-0: Ground out U3 (Groundball, 34S, EV 62.5 MPH)
|
| Top of the 4th over - 0 runs, 1 hit, 0 errors, 1 left on base; Geneva 0 - Utica 0 |
| BOTTOM OF THE 4TH |
|
Utica Blue Jays batting - Pitching for Geneva Red Legs : LHP Joaquin Torres
|
|
Batting: RHB Ricky Jordan
|
0-0: Called Strike 0-1: Foul Ball, location: 2F 0-2: Strikes out looking
|
|
Batting: SHB Steve Roadcap
|
0-0: Ball 1-0: Ball 2-0: Called Strike 2-1: Foul Ball, location: 2F 2-2: Ball 3-2: Foul Ball, location: 2F 3-2: Base on Balls
|
|
Batting: LHB James Lumpe
|
0-0: Ball 1-0: Fly out, F9 (Flyball, 9LD, EV 100.6 MPH)
|
|
Batting: RHB Rafael Quezada
|
0-0: Ball 1-0: Ball Passed Ball! Steve Roadcap to second 2-0: Ball 3-0: Called Strike 3-1: Called Strike 3-2: Foul Ball, location: 2F 3-2: Ground out 4-3 (Groundball, 4, EV 80.0 MPH)
|
| Bottom of the 4th over - 0 runs, 0 hits, 0 errors, 1 left on base; Geneva 0 - Utica 0 |
| TOP OF THE 5TH |
|
Geneva Red Legs batting - Pitching for Utica Blue Jays : RHP Steve McDevitt
|
|
Batting: LHB Juan Araujo
|
0-0: Called Strike 0-1: Ground out 6-3 (Groundball, 6, EV 87.5 MPH)
|
|
Batting: RHB Danny Reyes
|
0-0: Ball 1-0: Ball 2-0: Ball 3-0: Base on Balls
|
|
Batting: RHB Bob Brower
|
0-0: Ball 1-0: Foul Ball, location: 2F 1-1: Foul Ball, location: 2F 1-2: Fly out, F5 (Popup, 5SF, EV 73.8 MPH)
|
|
Batting: LHB Orsino Hill
|
0-0: Called Strike 0-1: Called Strike 0-2: Ball Danny Reyes steals 2nd base 1-2: Ball 2-2: Strikes out looking
|
| Top of the 5th over - 0 runs, 0 hits, 0 errors, 1 left on base; Geneva 0 - Utica 0 |
| BOTTOM OF THE 5TH |
|
Utica Blue Jays batting - Pitching for Geneva Red Legs : LHP Joaquin Torres
|
|
Batting: RHB Gustavo Hernandez
|
0-0: Foul Ball, location: 2F 0-1: Foul Ball, location: 2F 0-2: Ball 1-2: Foul Ball, location: 2F 1-2: Ground out 3-1 (Groundball, 34S, EV 90.0 MPH)
|
|
Batting: RHB Ed Allen
|
0-0: Swinging Strike 0-1: Ball 1-1: Ground out U3 (Groundball, 3, EV 86.9 MPH)
|
|
Batting: SHB Manuel Lee
|
0-0: Fly out, F8 (Line Drive, 8RM, EV 94.4 MPH)
|
| Bottom of the 5th over - 0 runs, 0 hits, 0 errors, 0 left on base; Geneva 0 - Utica 0 |
| TOP OF THE 6TH |
|
Geneva Red Legs batting - Pitching for Utica Blue Jays : RHP Steve McDevitt
|
|
Batting: LHB Mike Kingery
|
0-0: Called Strike 0-1: Called Strike 0-2: Ball 1-2: Fly out, F7 (Flyball, 78S, EV 79.4 MPH)
|
|
Batting: RHB Dave Keller
|
0-0: Called Strike 0-1: Ball 1-1: Foul Ball, location: 2F 1-2: Strikes out looking
|
|
Batting: RHB Victor Mendoza
|
0-0: Ball 1-0: Called Strike 1-1: Ball 2-1: Ball 3-1: Foul Ball, location: 2F 3-2: Ground out 5-3 (Groundball, 56S, EV 66.3 MPH)
|
| Top of the 6th over - 0 runs, 0 hits, 0 errors, 0 left on base; Geneva 0 - Utica 0 |
| BOTTOM OF THE 6TH |
|
Utica Blue Jays batting - Pitching for Geneva Red Legs : LHP Joaquin Torres
|
|
Batting: LHB Tom Reynolds
|
0-0: Ball 1-0: Called Strike 1-1: Foul Ball, location: 2F 1-2: Foul Ball, location: 2F 1-2: Strikes out swinging
|
|
Batting: RHB Jose Gonzalez
|
0-0: Ball 1-0: Foul Ball, location: 2F 1-1: Ball 2-1: Swinging Strike 2-2: Ball 3-2: Foul Ball, location: 2F 3-2: Base on Balls
|
|
Batting: RHB Ricky Jordan
|
0-0: Called Strike 0-1: Ground out 5-3 (Groundball, 5S, EV 66.3 MPH) Jose Gonzalez to second
|
|
Batting: SHB Steve Roadcap
|
0-0: Foul Ball, location: 2F 0-1: Fly out, F3 (Line Drive, 3, EV 66.3 MPH)
|
| Bottom of the 6th over - 0 runs, 0 hits, 0 errors, 1 left on base; Geneva 0 - Utica 0 |
| TOP OF THE 7TH |
|
Geneva Red Legs batting - Pitching for Utica Blue Jays : RHP Steve McDevitt
|
|
Batting: RHB Robby Thompson
|
0-0: Ball 1-0: Ball 2-0: Foul Ball, location: 2F 2-1: Foul Ball, location: 2F 2-2: Fly out, F8 (Flyball, 8LXD, EV 87.5 MPH)
|
|
Batting: RHB Ricky Velasquez
|
0-0: Ball 1-0: Fly out, F8 (Flyball, 78D, EV 100.0 MPH)
|
|
Batting: LHB Juan Araujo
|
0-0: Ball 1-0: SINGLE (Flyball, 8LS, EV 83.1 MPH)
|
|
Batting: RHB Danny Reyes
|
0-0: Ball Juan Araujo is caught stealing 2nd base 2-4
|
| Top of the 7th over - 0 runs, 1 hit, 0 errors, 0 left on base; Geneva 0 - Utica 0 |
| BOTTOM OF THE 7TH |
|
Utica Blue Jays batting - Pitching for Geneva Red Legs : LHP Joaquin Torres
|
|
Batting: LHB James Lumpe
|
0-0: Ball 1-0: Ball 2-0: Ball 3-0: Base on Balls
|
|
Batting: RHB Rafael Quezada
|
0-0: Ball 1-0: Fielders Choice at 2nd, 1-4 (Groundball, P, EV 61.3 MPH)
|
|
Batting: RHB Gustavo Hernandez
|
0-0: Ball 1-0: Ball 2-0: Called Strike Rafael Quezada steals 2nd base 2-1: Foul Ball, location: 2F 2-2: Strikes out swinging
|
|
Batting: RHB Ed Allen
|
0-0: Called Strike 0-1: Ball 1-1: Ball 2-1: Foul Ball, location: 2F 2-2: Ground out 5-3 (Groundball, 56S, EV 88.1 MPH)
|
| Bottom of the 7th over - 0 runs, 0 hits, 0 errors, 1 left on base; Geneva 0 - Utica 0 |
| TOP OF THE 8TH |
|
Geneva Red Legs batting - Pitching for Utica Blue Jays : RHP Steve McDevitt
|
|
Batting: RHB Danny Reyes
|
0-0: Ball 1-0: Ball 2-0: Ball 3-0: Called Strike 3-1: Fly out, F9 (Flyball, 89M, EV 90.6 MPH)
|
|
Batting: RHB Bob Brower
|
0-0: Called Strike 0-1: Called Strike 0-2: Strikes out swinging
|
|
Batting: LHB Orsino Hill
|
0-0: Ball 1-0: Ground out 4-3 (Groundball, 4, EV 98.1 MPH)
|
| Top of the 8th over - 0 runs, 0 hits, 0 errors, 0 left on base; Geneva 0 - Utica 0 |
| BOTTOM OF THE 8TH |
|
Utica Blue Jays batting - Pitching for Geneva Red Legs : LHP Joaquin Torres
|
|
Batting: SHB Manuel Lee
|
0-0: Ball 1-0: Swinging Strike 1-1: Ball 2-1: Swinging Strike 2-2: Ball 3-2: SINGLE (Groundball, 6MD, EV 104.4 MPH)
|
|
Batting: LHB Tom Reynolds
|
0-0: Ball 1-0: Foul Ball, location: 2F 1-1: SINGLE (Groundball, 13S, EV 63.8 MPH) (infield hit) Manuel Lee to second
|
|
Batting: RHB Jose Gonzalez
|
0-0: Foul Ball, location: 2F 0-1: Ball 1-1: Ball 2-1: Fielders Choice at 2nd, 3-6 (Groundball, 13, EV 84.4 MPH) Manuel Lee to third
|
|
Pitching: RHP Bill Davis
|
|
|
Batting: RHB Ricky Jordan
|
0-0: DOUBLE (Flyball, 8LXD, EV 110.6 MPH) Manuel Lee scores Jose Gonzalez to third Runner from 3rd tries for Home, SAFE, no throw by CF
|
|
Batting: SHB Steve Roadcap
|
0-0: Fly out, F8 (Flyball, 8LD, EV 101.9 MPH)
|
|
Batting: LHB James Lumpe
|
0-0: Ball 1-0: Ground out 6-3 (Groundball, 6D, EV 99.4 MPH)
|
| Bottom of the 8th over - 2 runs, 3 hits, 0 errors, 1 left on base; Geneva 0 - Utica 2 |
| TOP OF THE 9TH |
|
Geneva Red Legs batting - Pitching for Utica Blue Jays : RHP Steve McDevitt
|
|
Batting: LHB Mike Kingery
|
0-0: Ball 1-0: Ball 2-0: Ball 3-0: Base on Balls
|
|
Batting: RHB Dave Keller
|
0-0: Ball 1-0: Ball 2-0: Ball 3-0: Called Strike 3-1: SINGLE (Groundball, 6MD, EV 98.8 MPH) Mike Kingery to second
|
|
Batting: RHB Victor Mendoza
|
0-0: Called Strike 0-1: Ball 1-1: Foul Ball, location: 2F 1-2: Strikes out swinging
|
|
Pinch Hitting: LHB Louis Sottile
|
0-0: Ball 1-0: Swinging Strike 1-1: Called Strike 1-2: Foul Ball, location: 2F 1-2: Grounds into double play, 6-4-3 (Groundball, 6, EV 86.3 MPH)
|
| Top of the 9th over - 0 runs, 1 hit, 0 errors, 1 left on base; Geneva 0 - Utica 2 |
|